 Dungeon Crawl Stone Soup version 0.17-a0-2027-gcac42c4 (webtiles) character file.

779131 derrpe the Cloud Mage (level 27, -34/239 HPs)
             Began as a Demigod Conjurer on Oct 9, 2015.
             Annihilated by a juggernaut (93 damage)
             ... on level 23 of a ziggurat on Oct 10, 2015.
             The game lasted 08:25:39 (102647 turns).

derrpe the Cloud Mage (Demigod Conjurer)          Turns: 102647, Time: 08:25:39

Health: -34/239    AC: 10    Str: 11    XL:     27
Magic:  19/59      EV: 38    Int: 44    God:
Gold:   7402       SH:  8    Dex: 23    Spells: 12 memorised, 6 levels left

rFire  + + .     SeeInvis +     a - staff of energy {@w1}
rCold  + + +     Clarity  +     U - +2 robe {Archmagi}
rNeg   + . .     SustAt   +     F - +1 buckler {rF+}
rPois  +         Gourm    .     m - -2 hat of the Alchemist {rElec rPois rF+ rC+ rN+ MR+ rMut rCorr}
rElec  +         Spirit   .     A - +2 cloak of Starlight {rElec rC+ EV+4 Stlth--}
rCorr  +         Warding  .     Y - +0 pair of gloves {Dex+3}
rMut   +         Stasis   .     l - +2 pair of boots of a ziggurat {MR+ rCorr}
MR     +++++                    z - amulet of clarity
Stlth  +.........               i - ring of the Mage {Wiz MR++ Int+3}
                                s - ring "Plog" {+Inv rElec MP+9 Int+4 Slay-4}

@: about to teleport, phasing, very slightly contaminated, regenerating
(expiring), studying 2 skills, deflect missiles, almost entirely resistant to
hostile enchantments, very unstealthy
A: antennae 1, claws 1, thin skeletal structure 1, see invisible, agile 1, cold
resistance 1, deformed body, high mp 1, magic resistance 1, sustain attributes
a: Evoke Invisibility
}: 4/15 runes: decaying, slimy, silver, gossamer


You were on level 23 of a ziggurat.
You were not hungry.

You visited 10 branches of the dungeon, and saw 57 of its levels.
You visited 1 ziggurat, and saw 23 of its levels.
You also visited: Ice Cave, Volcano and Wizlab.

You collected 12154 gold pieces.
You spent 4752 gold pieces at shops.

Inventory:

Hand Weapons
 b - a +9 demon trident of electrocution
 c - the +7 lajatang of Order {silver, rMut}
   (You bought it in a shop on level 4 of the Orcish Mines)

   It protects you from mutation.
Missiles
 B - 6 throwing nets (quivered)
Armour
 l - the +2 pair of boots of a ziggurat (worn) {MR+ rCorr}
   (You bought it in a shop on level 1 of the Elven Halls)

   It affects your resistance to hostile enchantments.
   It protects you from acid and corrosion.
 m - the -2 hat of the Alchemist (worn) {rElec rPois rF+ rC+ rN+ MR+ rMut rCorr}
   (You found it on level 19 of a ziggurat)

   It protects you from fire.
   It protects you from cold.
   It insulates you from electricity.
   It protects you from poison.
   It protects you from negative energy.
   It affects your resistance to hostile enchantments.
   It protects you from acid and corrosion.
   It protects you from mutation.
 A - the +2 cloak of Starlight (worn) {rElec rC+ EV+4 Stlth--}
   (You found it in a wizard's laboratory)

   It affects your evasion (+4).
   It protects you from cold.
   It insulates you from electricity.
   It makes you much less stealthy.
 F - a +1 buckler of fire resistance (worn)
 U - a +2 robe of the Archmagi (worn)
 Y - a +0 pair of gloves of dexterity (worn)
Magical Staves
 a - an uncursed staff of energy (weapon) {@w1}
Jewellery
 h - the ring of Shaolin {EV+8}
   (You found it on level 15 of a ziggurat)

   [ring of evasion]

   It affects your evasion (+8).
 i - the ring of the Mage (right hand) {Wiz MR++ Int+3}
   (You found it on level 1 of the Crypt)

   [ring of wizardry]

   It improves your spell success rate.
   It affects your intelligence (+3).
   It affects your resistance to hostile enchantments.
 s - the ring "Plog" (left hand) {+Inv rElec MP+9 Int+4 Slay-4}
   (You found it on level 14 of a ziggurat)

   [ring of magical power]

   It affects your intelligence (+4).
   It affects your accuracy and damage with ranged weapons and melee attacks
   (-4).
   It insulates you from electricity.
   It affects your magic capacity (+9).
   It lets you turn invisible.
 z - an amulet of clarity (around neck)
 G - the amulet of the Four Winds {Clar rN+ MR+++}
   (You found it on level 21 of a ziggurat)

   [amulet of clarity]

   It provides mental clarity.
   It protects you from negative energy.
   It affects your resistance to hostile enchantments.
Wands
 w - a wand of teleportation (6)
 x - a wand of disintegration (24)
 M - a wand of digging (20)
Scrolls
 e - 5 scrolls of amnesia
 g - 2 scrolls of identify
 o - 10 scrolls of magic mapping
 t - 2 scrolls of enchant armour
 u - a scroll of summoning
 v - 4 scrolls of fear
 y - 9 scrolls of teleportation
 I - 15 scrolls of fog
 J - 20 scrolls of remove curse
 K - 4 scrolls of blinking
 L - 3 scrolls of enchant weapon
 N - 10 scrolls of recharging
 X - 4 scrolls of holy word
Potions
 n - 5 potions of curing
 p - 8 potions of flight
 q - 6 potions of haste
 r - 3 potions of brilliance
 D - 3 potions of might
 H - a potion of magic
 V - 7 potions of cure mutation
 Z - a potion of resistance
Books
 j - a book of Annihilations

   Spells                             Type                      Level
   a - Poison Arrow                   Conjuration/Poison           6
   b - Chain Lightning                Conjuration/Air              8
   c - Lehudib's Crystal Spear        Conjuration/Earth            8
   d - Glaciate                       Conjuration/Ice              9
   e - Fire Storm                     Conjuration/Fire             9
 O - a book of Enchantments

   Spells                             Type                      Level
   a - Cause Fear                     Hexes                        4
   b - Silence                        Hexes/Air                    5
   c - Deflect Missiles               Charms/Air                   6
   d - Haste                          Charms                       6
   e - Discord                        Hexes                        8
 P - a manual of Polearms
 T - a manual of Fire Magic
Miscellaneous
 d - a crystal ball of energy
Comestibles
 f - 10 royal jellies
 k - 2 meat rations {@e2}
 C - 33 fruits
 E - 18 bread rations {@e1}


   Skills:
 + Level 18.2 Fighting
 - Level 8.8 Polearms
 + Level 11.5 Armour
 + Level 13.2 Dodging
 - Level 1.7 Stealth
 - Level 7.2 Shields
 - Level 17.0 Spellcasting
 - Level 13.2 Conjurations
   Level 1.0 Hexes
 - Level 8.9 Charms
 - Level 10.1 Summonings
 - Level 18.0 Necromancy
 - Level 5.1 Translocations
 - Level 14.0 Transmutations
 - Level 23.5 Air Magic
 - Level 5.6 Earth Magic
 * Level 14.2 Evocations


You had 6 spell levels left.
You knew the following spells:

 Your Spells              Type           Power        Failure   Level  Hunger
a - Tornado               Air            #########.   2%          9    None
b - Dispel Undead         Necr           ########     0%          5    None
c - Iron Shot             Conj/Erth      ########..   1%          6    None
d - Haste                 Chrm           ########     1%          6    None
e - Blink                 Tloc           N/A          1%          2    None
f - Deflect Missiles      Chrm/Air       ########..   1%          6    None
g - Apportation           Tloc           #######...   1%          1    None
h - Summon Butterflies    Summ           ########     0%          1    None
i - Necromutation         Trmt/Necr      ########..   3%          8    None
j - Phase Shift           Tloc           #######...   1%          5    None
m - Sublimation of Blood  Necr           ########..   0%          2    None
r - Regeneration          Chrm/Necr      ########..   0%          3    None


Dungeon Overview and Level Annotations

Branches:
Dungeon (15/15)            Temple (0/1) D:6            Lair (8/8) D:10
  Swamp (4/4) Lair:3       Spider (4/4) Lair:6        Slime (6/6) Lair:8
    Orc (4/4) D:11            Elf (3/3) Orc:3        Vaults (5/5)
  Crypt (3/3) Vaults:3       Tomb (0/3) Crypt:3      Depths (5/5) D:15
    Zot: Depths:5

Shops:
Orc:1 %   Orc:2 (   Orc:3 *   Orc:4 :[((%*   Elf:1 [   Elf:2 %   Vaults:1 (%:
Depths:5 (

Portals:
Hell: Depths:1 Depths:2 Depths:4 Depths:5
Abyss: Depths:1 Depths:2 Depths:4
Pandemonium: Depths:2 Depths:3
Trove: D:15 (give +5 ice dragon armour)

Annotations:
Elf:2 2 runed doors
Depths:5 Mennas


Innate Abilities, Weirdness & Mutations

You have an increased reservoir of magic (+10% MP).
Your attributes are resistant to harm.
You have a pair of small antennae on your head.
You have sharp fingernails.
You have a somewhat thin skeletal structure (Dex +2, Stealth).
You have supernaturally acute eyesight.
You are agile. (Dex +2)
Your flesh is cold resistant.
Armour fits poorly on your strangely shaped body.
You are resistant to hostile enchantments.


Message History

a large rock; a throwing net A hill giant, 2 cyclopes and a frost giant come into view.
You kill the cyclops!
The winds around you start to calm down.
You float gracefully downwards.
The frost giant shouts!
The cyclops shouts!
The hill giant shouts!
You hear a shout! x5
The hill giant throws a throwing net.
You block the throwing net.
The cyclops throws a large rock.
You block the large rock.
The titan waves its arms in wide circles.
The air twists around and strikes you!
* * * LOW HITPOINT WARNING * * *
The cyclops throws a large rock.
The large rock completely misses you.
A stone giant and a frost giant come into view.
Things that are here:
2 large rocks; a throwing net Read which item? (? for menu, Esc to quit)
As you read the scroll of teleportation, it crumbles to dust.
You feel strangely unstable. The juggernaut hits you!!!!
You die...

▓.............
▓.........C....
▓............C.
▓.§§§§C§§§§§CC.
▓§§§§§§§§§C§§.C
▓§§§§CCC§§§§§..
▓§§§§§§§§§§§§C.
▓.§§§§§§§§§§§CC
▓§§§§§C@§§§§§..
▓.§§C§§§§§§§§..
▓§§§§§§§§C§§§.C
▓▓▓▓▓▓▓▓▓▓▓▓▓..
.


You could see 2 juggernauts, 3 titans, 3 frost giants, a fire giant, 3 stone
giants, 3 hill giants and 2 cyclopes.

Vanquished Creatures
  the royal jelly (Slime:6)
  Dissolution (Slime:3)
  2 ancient liches
  A juggernaut (Zig:23)
  11 greater mummies
  Boris (Vaults:3)
  Saint Roka (Vaults:3)
  A Killer Klown (Zig:3)
  4 caustic shrikes
  8 golden dragons
  Nikola (Elf:1)
  2 pearl dragons (Zig:21)
  3 bone dragons
  A hellephant (Zig:5)
  Jorgrun (Vaults:1)
  A shard shrike zombie (Crypt:2)
  6 tentacled monstrosities
  10 liches
  A deep elf blademaster (Elf:3)
  Asterion (Elf:1)
  10 titans
  4 quicksilver dragons
  2 deep elf master archers
  22 acid blobs
  2 Shadow Fiends (Zig:11)
  5 ancient champions
  4 tentacled starspawn
  An eldritch tentacle (WizLab)
  Gastronok (Orc:1)
  6 tengu reavers
  14 shadow dragons
  8 sphinxes
  2 thorn hunters (Swamp:4)
  Kirke (Elf:1)
  5 octopode crushers
  A shadow dragon (shapeshifter) (Zig:3)
  3 storm dragons
  A draconian monk (Zig:4)
  10 deep elf sorcerers
  6 revenants
  25 greater nagas
  15 fire giants
  Donald (Swamp:2)
  21 azure jellies
  4 iron dragons
  An orc warlord (Orc:4)
  14 vault wardens
  9 frost giants
  A spectral juggernaut (Zig:11)
  Aizul (Swamp:2)
  13 ghost moths
  Louise (Swamp:2)
  2 balrugs (Zig:10)
  A draconian zealot (Zig:4)
  9 emperor scorpions
  4 curse skulls (Zig:14)
  6 ghouls
  19 ironheart preservers
  A cacodemon (Zig:17)
  An angel (Zig:21)
  A caustic shrike skeleton (Zig:8)
  27 very ugly things
  2 reapers (Zig:14)
  2 spriggan defenders (Depths:4)
  33 stone giants
  4 bennus (Zig:20)
  8 war gargoyles
  An apis (Zig:21)
  A white draconian (Depths:5)
  A salamander stormcaller (Vaults:3)
  11 vampire knights
  A red draconian (Zig:4)
  11 deep elf annihilators
  12 deep elf demonologists
  4 eidola
  A black draconian (Depths:4)
  A purple draconian (Zig:4)
  2 black suns (Zig:11)
  3 crystal guardians (Crypt:3)
  10 death oozes
  15 deep elf death magi
  11 ettins
  A merfolk javelineer (Depths:3)
  A spectral golden dragon (Zig:11)
  9 mummy priests
  A green death (Zig:17)
  24 ogre magi
  5 jiangshi
  7 rakshasas
  15 fire dragons
  34 vault guards
  A quicksilver dragon skeleton (Zig:8)
  2 deep elf high priests
  18 great orbs of eyes
  13 yaktaur captains
  12 entropy weavers
  5 ice dragons
  Harold (D:10)
  A naga warrior (Zig:19)
  Erolcha (D:11)
  A caustic shrike simulacrum (Zig:20)
  3 death knights
  27 hydras
  A ghost crab (shapeshifter) (Depths:2)
  2 anacondas
  15 centaur warriors
  11 dancing weapons
  2 catoblepae
  3 spriggan air magi
  14 deep troll earth magi
  14 alligators
  13 tengu warriors
  17 deep troll shamans
  3 thrashing horrors
  3 orc high priests
  2 titan zombies
  5 shock serpents
  8 spriggan berserkers
  7 vampire magi
  2 hell hogs
  4 naga sharpshooters
  A shock serpent (shapeshifter) (Vaults:2)
  4 soul eaters
  2 sun demons
  3 storm dragon zombies
  9 wretched stars
  2 titan skeletons
  4 wizards
  2 golden dragon zombies
  17 deep elf knights
  29 skeletal warriors
  3 iron trolls
  17 hell knights
  4 storm dragon skeletons
  6 death scarabs
  2 spatial maelstroms
  4 shadow wraiths
  An unseen horror (shapeshifter) (Vaults:2)
  12 flayed ghosts
  An anaconda zombie (Crypt:1)
  2 fire crabs
  A shadow demon (Depths:1)
  16 deep elf summoners
  10 swamp dragons
  5 tengu zombies
  33 deep trolls
  6 anubis guards
  5 phantasmal warriors
  2 ice statues (IceCv)
  2 shambling mangroves
  3 naga ritualists
  3 spriggan druids
  5 unseen horrors
  An obsidian statue (Depths:1)
  2 lindwurms (Depths:5)
  2 salamander mystics
  28 orb spiders
  23 orc knights
  2 golden dragon skeletons
  17 necromancers
  2 wolf spider zombies
  2 iron dragon zombies
  20 ironbrand convokers
  32 wolf spiders
  4 mana vipers
  A lindwurm (shapeshifter) (Depths:4)
  9 hill giants
  12 deep elf conjurers
  A sphinx skeleton (Zig:16)
  7 shining eyes
  8 griffons
  4 giant orange brains
  3 fire giant zombies
  2 water nymphs (shapeshifter)
  2 stone giant zombies
  83 ugly things
  An orb spider (shapeshifter) (Vaults:4)
  8 orc sorcerers
  13 hornets
  4 shadow dragon skeletons
  12 cyclopes
  2 elephants (shapeshifter)
  A sixfirhy (Depths:2)
  7 salamanders
  A frost giant zombie (D:15)
  A cyclops (shapeshifter) (Elf:3)
  3 moths of wrath
  A frost giant skeleton (D:15)
  2 iron dragon skeletons
  4 stone giant skeletons
  Maurice (Orc:1)
  A rust devil (Depths:1)
  2 toenail golems (Volcano)
  18 vault sentinels
  A spriggan zombie (Zig:16)
  3 centaur zombies
  An apocalypse crab (Zig:17)
  2 molten gargoyles (Volcano)
  A black mamba (shapeshifter) (Vaults:2)
  A guardian serpent (shapeshifter) (D:15)
  10 guardian serpents
  A storm dragon simulacrum (Vaults:3)
  2 orange demons
  5 eyes of devastation
  5 naga magi
  23 black mambas
  4 torpor snails
  An orange crystal statue (Zig:20)
  A torpor snail (shapeshifter) (Elf:1)
  3 efreet
  2 gargoyles (D:14)
  An emperor scorpion zombie (Crypt:2)
  A hellwing (Depths:2)
  32 spiny frogs
  A komodo dragon (shapeshifter) (Vaults:5)
  2 human zombies
  2 tormentors
  A hellion (Zig:18)
  7 smoke demons
  4 kobold demonologists
  A yaktaur zombie (Vaults:1)
  18 demonic crawlers
  8 tengu conjurers
  A catoblepas zombie (Crypt:2)
  21 deep elf priests
  A yellow draconian zombie (Crypt:1)
  51 yaktaurs
  A yellow draconian skeleton (Crypt:2)
  A troll (shapeshifter) (Zig:18)
  A fire drake (Lair:5)
  11 trolls
  14 komodo dragons
  A yaktaur (shapeshifter) (Vaults:5)
  6 ancient zymes
  2 blue devils (Depths:1)
  8 freezing wraiths
  2 jumping spiders (shapeshifter)
  A death yak skeleton (Crypt:1)
  A queen bee (Spider:2)
  A spriggan skeleton (Depths:3)
  A minotaur zombie (Crypt:1)
  25 guardian mummies
  2 red devils
  29 jumping spiders
  31 two-headed ogres
  5 ushabtiu
  A hydra zombie (Crypt:2)
  3 raiju
  A wind drake (shapeshifter) (D:15)
  9 giant leeches
  A jumping spider zombie (Crypt:2)
  A fire dragon zombie (Crypt:2)
  25 blink frogs
  6 boulder beetles
  A queen bee (shapeshifter) (Depths:3)
  A snapping turtle (shapeshifter) (Zig:7)
  An iron dragon simulacrum (Crypt:2)
  A raiju (shapeshifter) (Depths:3)
  186 slime creatures
  6 bog bodies
  A shadow dragon simulacrum (Zig:16)
  A hornet zombie (Crypt:2)
  21 large abominations
  42 flying skulls
  20 starcursed masses
  74 redbacks
  39 trapdoor spiders
  23 deep elf magi
  A spriggan (shapeshifter) (Vaults:3)
  Sigmund (D:3)
  9 air elementals
  3 ettin skeletons
  36 tarantellas
  3 basilisks
  8 wraiths
  A hog (shapeshifter) (Depths:3)
  A wind drake zombie (Crypt:1)
  3 redbacks (shapeshifter)
  10 vampires
  5 spriggans
  10 water elementals
  4 shadows
  66 yaks
  2 ynoxinuls
  An elf zombie (Zig:16)
  5 steam dragons
  7 chaos spawn
  10 small abominations
  Grum (D:11)
  5 golden eyes
  A human (shapeshifter) (D:15)
  5 neqoxecs
  A steam dragon (shapeshifter) (Depths:4)
  11 wolves
  37 deep elf fighters
  A soldier ant (D:15)
  35 vampire mosquitoes
  A hill giant skeleton (Crypt:1)
  27 swamp worms
  5 hungry ghosts
  3 wargs
  Menkaure (D:6)
  2 hippogriffs (shapeshifter)
  12 insubstantial wisps
  3 hogs (Elf:1)
  4 wyverns
  4 mottled dragons
  8 hippogriffs
  2 nagas (Zig:12)
  5 spatial vortices (WizLab)
  A warg (shapeshifter) (Depths:1)
  A soldier ant (shapeshifter) (Vaults:1)
  25 water moccasins
  5 hell hounds
  A hydra simulacrum (Crypt:1)
  6 sky beasts
  5 necrophages
  11 porcupines
  16 swamp drakes
  22 ice beasts
  An elephant zombie (Crypt:1)
  2 ettin simulacra
  32 spiders
  15 wasps
  64 orc warriors
  A phantom (D:6)
  The ghost of inmateoo the Insei, an amateur DgMo (D:3)
  An anubis guard skeleton (WizLab)
  2 boggarts
  3 black bears
  14 crocodiles
  7 eyes of draining
  14 centaurs
  80 ogres
  4 snapping turtle skeletons (Crypt:3)
  An elf simulacrum (Zig:16)
  Blork the orc (D:5)
  21 giant frogs
  9 big kobolds
  2 gnoll sergeants
  A water moccasin zombie (D:5)
  3 wyvern skeletons
  A wyvern zombie (D:8)
  4 scorpions
  28 killer bees
  2 human simulacra (Vaults:3)
  15 wights
  An orc simulacrum (Vaults:2)
  A lava snake (Volcano)
  A warg skeleton (Crypt:1)
  A yak skeleton (Crypt:1)
  7 electric eels
  15 crimson imps
  2 giant frog zombies (D:8)
  39 orc wizards
  6 hounds
  5 quasits
  5 iron imps
  3 centaur skeletons
  A demonspawn skeleton (Crypt:2)
  Ijyb (D:3)
  A giant frog skeleton (D:8)
  54 jellies
  41 orc priests
  15 iguanas
  17 worker ants
  A lightning spire (Zig:18)
  A deep dwarf zombie (Crypt:1)
  A dwarf zombie (Crypt:2)
  19 sheep
  A crocodile skeleton (Crypt:2)
  2 hound zombies
  A tengu skeleton (Crypt:3)
  A mottled dragon skeleton (Crypt:2)
  A hound skeleton (D:10)
  33 mummies
  A worker ant zombie (D:8)
  Robin (D:3)
  26 adders
  99 river rats
  3 white imps
  12 gnolls
  13 shadow imps
  16 oozes
  A worm zombie (Crypt:2)
  4 adder skeletons
  An adder zombie (D:5)
  2 worms
  9 giant geckos
  248 orcs
  6 bats
  7 giant cockroaches
  12 goblins
  A hobgoblin (shapeshifter) (Vaults:4)
  15 hobgoblins
  13 jackals
  40 kobolds
  6 quokkas
  A giant gecko skeleton (D:4)
  5 giant newts
  A jackal skeleton (D:7)
  A kobold zombie (Crypt:1)
  A quokka zombie (D:5)
  6 rats
  9 crawling corpses
  3 fungi (Lair:8)
  6 lost souls
  A plant (Lair:8)
  4 starspawn tentacles
  A starspawn tentacle segment (Zig:17)
3809 creatures vanquished.

Vanquished Creatures (collateral kills)
  Sojobo (Vaults:2)
  Margery (Vaults:2)
  2 tentacled monstrosities
  A sphinx (Vaults:3)
  A tentacled starspawn (WizLab)
  A tengu reaver (Vaults:2)
  Roxanne (Spider:4)
  Wiglaf (Vaults:2)
  3 frost giants
  A deep elf sorcerer (Elf:3)
  7 vault wardens
  An ironheart preserver (Vaults:2)
  A war gargoyle (Vaults:1)
  A deep elf demonologist (Elf:3)
  A deep elf death mage (Vaults:2)
  A yaktaur captain (Vaults:2)
  2 fire dragons
  3 vault guards
  A great orb of eyes (Vaults:3)
  A spriggan air mage (Depths:3)
  2 centaur warriors
  A deep troll shaman (Vaults:2)
  An ogre mage (Vaults:3)
  2 thrashing horrors (WizLab)
  2 sun demons (WizLab)
  3 deep trolls (Vaults:2)
  3 hell knights
  2 soul eaters
  A starcursed mass (WizLab)
  A deep elf summoner (Vaults:3)
  An obsidian statue (WizLab)
  3 orc knights
  4 ironbrand convokers
  A necromancer (Crypt:3)
  5 ugly things
  A cyclops (Vaults:2)
  A vault sentinel (Vaults:3)
  A worldbinder (WizLab)
  9 yaktaurs
  A demonic crawler (WizLab)
  An ancient zyme (WizLab)
  4 two-headed ogres
  A boulder beetle (Vaults:2)
  A fire giant simulacrum (Vaults:2)
  A deep elf fighter (Elf:1)
  A hell hound (WizLab)
  An ice beast (D:12)
  An orc warrior (Vaults:2)
  10 ogres
  2 killer bees (D:12)
  A scorpion (D:10)
  5 orcs
  A starspawn tentacle segment (WizLab)
107 creatures vanquished.

Vanquished Creatures (others)
  3 eldritch tentacles
  A greater naga (Zig:19)
  A fire giant (Zig:23)
  A deep elf demonologist (Vaults:2)
  An alligator (Swamp:3)
  A shadow wraith (Vaults:2)
  A deep elf knight (Vaults:5)
  An unseen horror (shapeshifter) (Depths:2)
  A two-headed ogre (Vaults:5)
  A harpy skeleton (D:15)
  3 deep elf magi
  2 deep elf fighters (Elf:2)
  A human (Elf:1)
  A warg (shapeshifter) (Depths:4)
  An ogre (Vaults:5)
  A quokka (D:14)
  A crawling corpse (Elf:2)
  3023 eldritch tentacle segments
  15 fungi
  3 lost souls
  42 plants
  4 starspawn tentacles
  45 starspawn tentacle segments
3154 creatures vanquished.

Grand Total: 7070 creatures vanquished

Notes
Turn   | Place    | Note
--------------------------------------------------------------
     0 | D:1      | derrpe the Demigod Conjurer began the quest for the Orb.
     0 | D:1      | Reached XP level 1. HP: 14/14 MP: 5/5
   784 | D:1      | Reached XP level 2. HP: 20/20 MP: 5/7
   806 | D:1      | Reached skill level 4 in Conjurations
  1547 | D:2      | Reached XP level 3. HP: 26/26 MP: 6/9
  1556 | D:2      | Learned a level 3 spell: Dazzling Spray
  2028 | D:2      | Found a faded altar to an unknown god.
  2431 | D:3      | Reached XP level 4. HP: 33/33 MP: 6/10
  2601 | D:3      | Reached skill level 5 in Conjurations
  2762 | D:3      | Noticed Robin
  2789 | D:3      | Found a snail-covered altar of Cheibriados.
  3019 | D:3      | Reached XP level 5. HP: 38/38 MP: 6/12
  3080 | D:3      | Learned a level 5 spell: Iskenderun's Battlesphere
  3102 | D:3      | Killed Robin
  3102 | D:3      | Reached skill level 1 in Hexes
  3378 | D:3      | Noticed Sigmund
  3406 | D:3      | Killed Sigmund
  3406 | D:3      | Reached skill level 6 in Conjurations
  3406 | D:3      | Reached XP level 6. HP: 28/45 MP: 2/13
  3550 | D:3      | Noticed inmateoo's ghost (amateur DgMo)
  3569 | D:3      | Killed inmateoo's ghost
  3739 | D:3      | Noticed Ijyb
  3750 | D:3      | Killed Ijyb
  4218 | D:4      | Found a snail-covered altar of Cheibriados.
  4234 | D:4      | Reached skill level 7 in Conjurations
  4473 | D:4      | Reached skill level 1 in Charms
  4563 | D:4      | Reached XP level 7. HP: 50/50 MP: 4/14
  4950 | D:4      | Noticed a hungry ghost
  4962 | D:4      | Killed a hungry ghost
  5335 | D:5      | Entered Level 5 of the Dungeon
  5791 | D:5      | Noticed Blork the orc
  5807 | D:5      | Killed Blork the orc
  6001 | D:5      | Gained mutation: You have a somewhat thin skeletal structure (Dex +2, Stealth). [mutagenic meat]
  6002 | D:5      | Gained mutation: You are resistant to hostile enchantments. [mutagenic meat]
  6057 | D:5      | Reached XP level 8. HP: 47/57 MP: 5/15
  6162 | D:5      | Reached skill level 5 in Charms
  6358 | D:5      | Reached skill level 8 in Conjurations
  7441 | D:6      | Noticed a cyclops
  7514 | D:6      | Noticed Menkaure
  7521 | D:6      | Killed Menkaure
  7540 | D:6      | Found a staircase to the Ecumenical Temple.
  7550 | D:6      | Reached skill level 9 in Conjurations
  8433 | D:6      | Reached skill level 10 in Conjurations
  8445 | D:6      | Reached XP level 9. HP: 62/62 MP: 8/16
  8588 | D:6      | Noticed a troll
  8602 | D:6      | Killed a cyclops
  8602 | D:6      | Reached skill level 11 in Conjurations
  9048 | D:6      | Killed a troll
  9048 | D:6      | Reached skill level 1 in Fighting
  9048 | D:6      | Reached skill level 1 in Shields
 11190 | D:7      | Learned a level 5 spell: Dispel Undead
 11340 | D:8      | Reached XP level 10. HP: 75/77 MP: 15/20
 11486 | D:8      | Reached skill level 1 in Necromancy
 12867 | D:9      | Found an opulent altar of Gozag.
 12867 | D:9      | Found a glowing golden altar of the Shining One.
 12867 | D:9      | Found an ancient bone altar of Kikubaaqudgha.
 12867 | D:9      | Found a burning altar of Makhleb.
 12907 | D:9      | Found a white marble altar of Elyvilon.
 12907 | D:9      | Found a radiant altar of Vehumet.
 13327 | D:9      | Found a stormy altar of Qazlal.
 13438 | D:10     | Entered Level 10 of the Dungeon
 13447 | D:10     | Noticed a hill giant
 13452 | D:10     | Killed a hill giant
 13452 | D:10     | Reached skill level 5 in Spellcasting
 13989 | D:10     | Gained mutation: You are agile. (Dex +2) [potion of beneficial mutation]
 14142 | D:10     | Reached skill level 5 in Dodging
 14155 | D:10     | Noticed a centaur warrior
 14264 | D:10     | Learned a level 5 spell: Bolt of Draining
 14271 | D:10     | Noticed an orc knight
 14344 | D:10     | Killed an orc knight
 14344 | D:10     | Reached skill level 5 in Necromancy
 14508 | D:10     | Noticed Harold
 14574 | D:10     | Reached XP level 11. HP: 85/85 MP: 23/23
 14580 | D:10     | Noticed an orc knight
 14584 | D:10     | Killed a centaur warrior
 14585 | D:10     | Noticed a brown ugly thing
 14592 | D:10     | Killed an orc knight
 14601 | D:10     | Killed a brown ugly thing
 14755 | D:10     | Killed Harold
 14755 | D:10     | Reached skill level 5 in Fighting
 14907 | D:10     | Identified the Handbook of Confrontation (You found it on level 10 of the Dungeon)
 14995 | D:10     | Got an uncursed polished whip {slash}
 15026 | D:10     | Identified the +9 whip of the Six Curses {slash, rPois} (You took it off a centaur on level 10 of the Dungeon)
 15454 | D:10     | Killed an unseen horror
 15637 | D:10     | Found a staircase to the Lair.
 15708 | D:10     | Killed an unseen horror
 15844 | Lair:1   | Entered Level 1 of the Lair of Beasts
 16170 | Lair:1   | Learned a level 2 spell: Sublimation of Blood
 17163 | Lair:2   | Found a frozen archway.
 17268 | IceCv    | Entered an ice cave
 17299 | IceCv    | Got a pair of encrusted gloves
 17310 | IceCv    | Identified the cursed -3 pair of gloves of Lifelessness {Regen+} (You found it in an ice cave)
 17349 | IceCv    | Reached XP level 12. HP: 50/96 MP: 17/25
 17613 | Lair:2   | Reached skill level 12 in Conjurations
 19129 | Lair:3   | Found a staircase to the Swamp.
 21146 | Lair:5   | Noticed a six-headed hydra
 21152 | Lair:5   | Killed a six-headed hydra
 21838 | Lair:5   | Reached XP level 13. HP: 105/105 MP: 23/28
 21904 | Lair:5   | Reached skill level 13 in Conjurations
 23272 | Lair:6   | Found a hole to the Spider Nest.
 23411 | Lair:6   | Learned a level 2 spell: Repel Missiles
 23414 | Lair:6   | Learned a level 2 spell: Blink
 24111 | Lair:7   | Got a bloodstained broad axe
 24112 | Lair:7   | Identified the +3 broad axe of Sunlight {chop, rC+} (You found it on level 7 of the Lair of Beasts)
 25440 | Lair:8   | Entered Level 8 of the Lair of Beasts
 25550 | Lair:8   | Reached skill level 10 in Necromancy
 26658 | Lair:7   | Got an encrusted falchion
 26659 | Lair:7   | Identified the cursed +1 falchion "Lyaw" {flame, Int+4 Dex+3 SInv} (You found it on level 7 of the Lair of Beasts)
 27015 | Lair:8   | Learned a level 2 spell: Call Imp
 27269 | Lair:8   | Reached skill level 1 in Summonings
 27383 | Lair:8   | Found a runed door.
 27383 | Lair:8   | Found a viscous altar of Jiyva.
 27383 | Lair:8   | Noticed an acid blob
 27516 | Lair:8   | Found a staircase to the Slime Pits.
 27516 | Lair:8   | Noticed an acid blob
 27684 | Lair:8   | Reached XP level 14. HP: 103/116 MP: 17/30
 29301 | D:11     | Noticed Erolcha
 29316 | D:11     | Killed Erolcha
 29406 | D:11     | Found a staircase to the Orcish Mines.
 29426 | D:11     | Found a roughly hewn altar of Beogh.
 29824 | D:11     | Noticed Grum
 29827 | D:11     | Killed Grum
 30023 | Orc:1    | Entered Level 1 of the Orcish Mines
 30123 | Orc:1    | Found Koumeim's Food Shoppe.
 30153 | Orc:1    | Found a roughly hewn altar of Beogh.
 30465 | Orc:1    | Noticed Gastronok
 30481 | Orc:1    | Noticed Maurice
 30486 | Orc:1    | Killed Maurice
 30494 | Orc:1    | Killed Gastronok
 30981 | Orc:2    | Found a roughly hewn altar of Beogh.
 31238 | Orc:2    | Found Ehecsu's Weapon Emporium.
 31663 | Orc:3    | Found Gotozum's General Store.
 31719 | Orc:3    | Bought a potion of beneficial mutation for 525 gold pieces
 31719 | Orc:3    | Gained mutation: You have sharp fingernails. [potion of beneficial mutation]
 31751 | Orc:3    | Reached skill level 5 in Summonings
 31829 | Orc:3    | Found a staircase to the Elven Halls.
 32489 | Orc:4    | Entered Level 4 of the Orcish Mines
 32505 | Orc:4    | Found a dark tunnel.
 32514 | Volcano  | Entered a volcano
 32731 | Volcano  | Found a burning altar of Makhleb.
 33017 | Volcano  | Identified a scroll of acquirement
 33258 | Orc:4    | Found Seowkar's Food Shop.
 33263 | Orc:4    | Found Lioman's General Store.
 33319 | Orc:4    | Reached skill level 10 in Dodging
 33490 | Orc:4    | Found Piuq's Antique Weapon Shop.
 33699 | Orc:4    | Found Veisires's Weapon Shoppe.
 33741 | Orc:4    | Found Taimisk's Antique Armour Boutique.
 33877 | Orc:4    | Bought a pair of embroidered gloves for 130 gold pieces
 33877 | Orc:4    | Bought a jewelled ring mail for 261 gold pieces
 33877 | Orc:4    | Bought a pair of glowing gloves for 130 gold pieces
 33928 | Orc:4    | Identified the +4 ring mail "Mudufemp" {MR+ MP+9 SInv} (You bought it in a shop on level 4 of the Orcish Mines)
 34000 | Orc:4    | Reached skill level 1 in Armour
 34041 | Orc:4    | Noticed an orc warlord
 34055 | Orc:4    | Killed an orc warlord
 34178 | Orc:4    | Found Bizxingo's Book Boutique.
 34547 | Orc:4    | Bought a book of Necromancy for 360 gold pieces
 34552 | Orc:4    | Learned a level 3 spell: Regeneration
 34557 | Orc:4    | Upgraded the game from 0.17-a0-2002-g92c7e20 to 0.17-a0-2014-g32cd421
 34885 | Swamp:1  | Entered Level 1 of the Swamp
 36330 | Swamp:2  | Noticed Aizul
 36363 | Swamp:2  | Killed Aizul
 36363 | Swamp:2  | Reached XP level 15. HP: 117/126 MP: 13/33
 37029 | Swamp:2  | Noticed Donald
 37097 | Swamp:2  | Noticed Louise
 37110 | Swamp:2  | Killed Louise
 37120 | Swamp:2  | Killed Donald
 38077 | Swamp:3  | Reached skill level 10 in Fighting
 38156 | Swamp:3  | Reached skill level 10 in Spellcasting
 38203 | Swamp:4  | Entered Level 4 of the Swamp
 38248 | Swamp:4  | Got a bloodstained hat
 38260 | Swamp:4  | Identified the +0 hat of Marbles {rF- MP+9 Int+2} (You acquired it on level 4 of the Swamp)
 38485 | Swamp:4  | Reached skill level 5 in Armour
 38812 | Swamp:4  | Noticed a thorn hunter
 39008 | Swamp:4  | Killed a thorn hunter
 39072 | Swamp:4  | Noticed a thorn hunter
 39083 | Swamp:4  | Killed a thorn hunter
 39514 | Swamp:4  | Got a decaying rune of Zot
 40082 | Spider:1 | Entered Level 1 of the Spider Nest
 40087 | Spider:1 | Reached XP level 16. HP: 133/135 MP: 27/35
 40212 | Spider:1 | Got a pitted rapier
 40213 | Spider:1 | Identified the +7 rapier of Optimality {pierce, rElec} (You found it on level 1 of the Spider Nest)
 41459 | Spider:2 | Learned a level 7 spell: Haunt
 42359 | Spider:2 | Reached skill level 10 in Summonings
 44013 | Spider:4 | Entered Level 4 of the Spider Nest
 44994 | Spider:4 | Noticed Roxanne
 45720 | Spider:4 | Killed Roxanne
 45746 | Spider:4 | Identified Roxanne's Collected Works on Ashen Transmutation (You took it off Roxanne on level 4 of the Spider Nest)
 46564 | Spider:4 | Upgraded the game from 0.17-a0-2014-g32cd421 to 0.17-a0-2027-gcac42c4
 46569 | Spider:4 | Reached XP level 17. HP: 128/148 MP: 25/37
 46831 | Spider:4 | Reached skill level 14 in Necromancy
 47044 | Spider:4 | Got a gossamer rune of Zot
 47560 | Elf:1    | Entered Level 1 of the Elven Halls
 47567 | Elf:1    | Noticed Nikola
 47576 | Elf:1    | Killed Nikola
 47682 | Elf:1    | Found Gic Zem's Antique Armour Shop.
 47685 | Elf:1    | Bought a fine ring mail for 333 gold pieces
 47685 | Elf:1    | Bought a pair of twisted boots for 351 gold pieces
 47685 | Elf:1    | Bought a crude scale mail for 333 gold pieces
 47698 | Elf:1    | Identified the cursed +0 ring mail of Feneop {rF- rC+ Slay+4 Stlth+} (You bought it in a shop on level 1 of the Elven Halls)
 47713 | Elf:1    | Identified the +6 scale mail of Yniohu {+Fly rElec rF- Dex+2} (You bought it in a shop on level 1 of the Elven Halls)
 47737 | Elf:1    | Identified the +2 pair of boots of a ziggurat {MR+ rCorr} (You bought it in a shop on level 1 of the Elven Halls)
 47965 | Elf:1    | Noticed Asterion
 47980 | Elf:1    | Killed Asterion
 48540 | Elf:1    | Noticed Kirke
 48555 | Elf:1    | Killed Kirke
 48555 | Elf:1    | Reached skill level 15 in Necromancy
 49160 | Elf:2    | Learned a level 1 spell: Apportation
 49196 | Elf:2    | Found Lediez's Food Emporium.
 49379 | D:11     | Learned a level 1 spell: Animate Skeleton
 49381 | D:11     | Learned a level 1 spell: Summon Butterflies
 49811 | Elf:2    | Found a runed door.
 49834 | Elf:2    | Found a runed door.
 51295 | D:13     | Found a shattered altar of Ashenzari.
 51431 | D:13     | Reached skill level 16 in Necromancy
 52312 | D:14     | Found a gate to the Vaults.
 52399 | D:14     | Found a white marble altar of Elyvilon.
 52455 | D:14     | Found a corrupted altar of Lugonu.
 52685 | D:15     | Entered Level 15 of the Dungeon
 53038 | D:15     | Found a portal to a secret trove of treasure.
 53409 | D:15     | Reached skill level 17 in Necromancy
 53413 | D:15     | Reached XP level 18. HP: 130/155 MP: 13/38
 53754 | D:15     | Found a staircase to the Depths.
 54040 | Vaults:1 | Entered Level 1 of the Vaults
 55898 | D:14     | Learned a level 6 spell: Iron Shot
 56216 | Vaults:1 | Reached skill level 18 in Necromancy
 56236 | Vaults:1 | Noticed Jorgrun
 56245 | Vaults:1 | Killed Jorgrun
 56405 | Vaults:1 | Reached skill level 1 in Earth Magic
 56478 | Vaults:1 | Identified a +0 rod of shadows (14/14) (You found it on level 1 of the Vaults)
 56890 | Vaults:1 | Reached skill level 5 in Earth Magic
 57449 | Vaults:1 | Found Xuecekk's Antique Weapon Shoppe.
 57449 | Vaults:1 | Found Tootrel's Book Shoppe.
 57460 | Vaults:1 | Found Loeh's Food Shoppe.
 57518 | Vaults:1 | Reached skill level 1 in Air Magic
 57929 | Vaults:2 | Found a magical portal.
 57929 | Vaults:2 | Noticed Margery
 57952 | Vaults:2 | Killed Margery
 58055 | WizLab   | Entered The Roulette of Golubria
 58061 | WizLab   | Found a corrupted altar of Lugonu.
 58327 | WizLab   | Found a corrupted altar of Lugonu.
 58805 | WizLab   | Identified Golubria's Grimoire of Translocation (You found it in a wizard's laboratory)
 59141 | WizLab   | Identified Golubria's Disquisition on Boosting Translocation
 59247 | WizLab   | Found a corrupted altar of Lugonu.
 59563 | Vaults:2 | Noticed Wiglaf
 60195 | Vaults:2 | Reached skill level 5 in Air Magic
 60202 | Vaults:2 | Reached XP level 19. HP: 145/162 MP: 16/40
 60419 | Vaults:2 | Noticed Sojobo
 60987 | Vaults:1 | Learned a level 6 spell: Deflect Missiles
 61330 | Vaults:2 | Killed Wiglaf
 62807 | Vaults:2 | Reached skill level 1 in Evocations
 63355 | Vaults:2 | Killed Sojobo
 64026 | Vaults:3 | Noticed Saint Roka
 64033 | Vaults:3 | Killed Saint Roka
 64211 | Vaults:3 | Noticed Boris
 64215 | Vaults:3 | Killed Boris
 64215 | Vaults:3 | Reached skill level 5 in Evocations
 65350 | Vaults:3 | Reached XP level 20. HP: 113/174 MP: 5/41
 65899 | Vaults:3 | Found a staircase to the Crypt.
 68197 | Crypt:1  | Entered Level 1 of the Crypt
 68387 | Crypt:1  | Reached skill level 10 in Air Magic
 68475 | Crypt:1  | Got a warped robe
 68476 | Crypt:1  | Identified the +1 robe of the New World {rPois rC+ SInv Stlth-} (You found it on level 1 of the Crypt)
 69345 | Crypt:2  | Reached skill level 15 in Fighting
 70336 | Crypt:3  | Entered Level 3 of the Crypt
 70809 | Crypt:3  | Got a dazzling shortbow
 70811 | Crypt:3  | Identified the +1 shortbow of Governance {freeze, *Contam rPois rC++ MP+9} (You found it on level 3 of the Crypt)
 70834 | Crypt:3  | Reached XP level 21. HP: 183/185 MP: 30/42
 71361 | Crypt:3  | Found a staircase to the Tomb.
 71454 | Crypt:3  | Found a basalt altar of Yredelemnul.
 71454 | Crypt:3  | Noticed an ancient lich
 71458 | Crypt:3  | Killed an ancient lich
 71504 | Crypt:3  | Got a flickering platinum ring
 71504 | Crypt:3  | Got a heavily runed golden ring
 71504 | Crypt:3  | Got a sparkling amber ring
 71521 | Crypt:3  | Identified the ring "Coaskuef" {rElec rN+} (You found it on level 3 of the Crypt)
 71523 | Crypt:3  | Identified the ring of Linearity {rPois rN+ Dex+4} (You found it on level 3 of the Crypt)
 71525 | Crypt:3  | Identified the ring "Owakk" {*Drain +Inv +Fly rN+} (You found it on level 3 of the Crypt)
 72084 | Crypt:3  | Identified the Almanac of Assistive Stolen Souls
 73062 | Elf:2    | Gained mutation: You have supernaturally acute eyesight. [potion of beneficial mutation]
 73085 | Elf:3    | Entered Level 3 of the Elven Halls
 73269 | Elf:3    | Got a steaming quarterstaff
 73270 | Elf:3    | Identified the +7 quarterstaff "Muoxkoz" {crush, Str+2 Int+4 Dex+4} (You found it on level 3 of the Elven Halls)
 74958 | Elf:3    | Identified a +6 rod of ignition (10/10) (You found it on level 3 of the Elven Halls)
 75156 | Elf:3    | Got an ichor-stained dagger
 75168 | Elf:3    | Identified Sif Muna's Compendium of Warped Stones
 75187 | Elf:3    | Identified the +3 dagger of Vanity {pierce, +Blink +Fly rC+ Dex+3} (You found it on level 3 of the Elven Halls)
 75357 | D:11     | Learned a level 3 spell: Passwall
 75752 | Depths:1 | Entered Level 1 of the Depths
 75869 | Depths:1 | Found a one-way gate to the infinite horrors of the Abyss.
 76142 | Depths:1 | Reached skill level 15 in Air Magic
 77107 | Depths:1 | Reached XP level 22. HP: 193/195 MP: 25/44
 78077 | Depths:1 | Found a gateway to Hell.
 78906 | Depths:2 | Found a corrupted altar of Lugonu.
 79131 | Depths:2 | Found a one-way gate leading to the halls of Pandemonium.
 79783 | Depths:2 | Identified a +0 rod of inaccuracy (9/9) (You found it on level 2 of the Depths)
 80541 | Depths:2 | Got a faintly humming leather armour
 80564 | Depths:2 | Identified the +1 leather armour of Beogh {rF+} (You found it on level 2 of the Depths)
 81791 | Depths:2 | Reached XP level 23. HP: 148/202 MP: 35/46
 81956 | Depths:2 | Identified Gapolus's Tome of Aerial Confrontation
 82579 | Depths:3 | Reached skill level 19 in Air Magic
 82664 | Depths:3 | Found a gateway to a ziggurat.
 83975 | Depths:3 | Reached skill level 20 in Air Magic
 85521 | Depths:4 | Reached skill level 21 in Air Magic
 86626 | Depths:4 | Reached XP level 24. HP: 146/210 MP: 42/47
 86659 | Depths:4 | Reached skill level 1 in Transmutations
 86840 | Depths:4 | Found a glowing golden altar of the Shining One.
 87208 | Depths:5 | Entered Level 5 of the Depths
 87560 | Depths:5 | Reached skill level 5 in Transmutations
 87944 | Depths:5 | Found Ceuc's Weapon Shop.
 87945 | Depths:5 | Noticed Mennas
 88155 | Vaults:1 | Learned a level 9 spell: Tornado
 88659 | Vaults:5 | Entered Level 5 of the Vaults
 88666 | Vaults:5 | Noticed an ancient lich
 88674 | Vaults:5 | Reached skill level 10 in Transmutations
 88675 | Vaults:5 | Killed an ancient lich
 89001 | Vaults:5 | Identified the Almanac of Stones
 89464 | Vaults:5 | Got a warped pewter ring
 89474 | Vaults:5 | Identified the ring "Arumuoki" {rF- rN+ MR+ MP+9 Int+5} (You took it off a deep elf conjurer on level 5 of the Vaults)
 89853 | Vaults:5 | Reached XP level 25. HP: 210/216 MP: 23/47
 90902 | Vaults:5 | Identified the Guide on Battle Magic
 90993 | Vaults:5 | Got a silver rune of Zot
 91574 | Orc:4    | Bought the +7 lajatang of Order {silver, rMut} for 2065 gold pieces
 91574 | Orc:4    | Bought a shimmering spear for 264 gold pieces
 91574 | Orc:4    | Identified the +5 spear "Daahayrgh" {speed, rC+ MP+9} (You bought it in a shop on level 4 of the Orcish Mines)
 92020 | Lair:8   | Killed an acid blob
 92020 | Lair:8   | Killed an acid blob
 92061 | Slime:1  | Entered Level 1 of the Pits of Slime
 92318 | Slime:3  | Noticed Dissolution
 92322 | Slime:3  | Killed Dissolution
 92322 | Slime:3  | Reached skill level 10 in Evocations
 93748 | Slime:3  | Reached skill level 22 in Air Magic
 95019 | Slime:6  | Entered Level 6 of the Pits of Slime
 95346 | Slime:6  | Gained mutation: Armour fits poorly on your strangely shaped body. [a shining eye]
 95583 | Slime:6  | Noticed the royal jelly
 96392 | Slime:6  | Killed the royal jelly
 96512 | Slime:6  | Reached XP level 26. HP: 226/226 MP: 38/47
 96802 | Slime:6  | Got a slimy silver ring
 96805 | Slime:6  | Identified the cursed ring "Wieclo" {rElec rPois Int-4 Dex-4 SInv} (You found it on level 6 of the Pits of Slime)
 96813 | Slime:6  | Got a slimy rune of Zot
 96815 | Slime:6  | Got a steaming robe
 96817 | Slime:6  | Identified the cursed +0 robe "Lunaaghy" {MP+9} (You found it on level 6 of the Pits of Slime)
 96849 | Slime:6  | Got an ichor-stained scale mail
 96855 | Slime:6  | Got an ancient marble ring
 96870 | Slime:6  | Identified the ring of Zajaec {rElec rPois MR+ Str-2 Int+5} (You found it on level 6 of the Pits of Slime)
 96890 | Slime:6  | Identified the Almanac of the Twisted Entourage
 96894 | Slime:6  | Identified Sif Muna's Reference Book on Beguiling
 96978 | Slime:6  | Identified the cursed +0 scale mail of Berigr Jemoe {Int+5} (You found it on level 6 of the Pits of Slime)
 97706 | Vaults:1 | Learned a level 8 spell: Necromutation
 97712 | Vaults:1 | Learned a level 5 spell: Phase Shift
 98316 | Zig:1    | Entered Level 1 of a ziggurat
 98334 | Zig:2    | Entered Level 2 of a ziggurat
 98373 | Zig:2    | Got a polished quarterstaff
 98375 | Zig:2    | Identified the +9 quarterstaff of Turmoil {drain, rElec rPois MP+9} (You found it on level 2 of a ziggurat)
 98467 | Zig:3    | Entered Level 3 of a ziggurat
 98475 | Zig:3    | Reached skill level 23 in Air Magic
 98568 | Zig:4    | Entered Level 4 of a ziggurat
 98598 | Zig:4    | Identified Ysteif's Primer on Spellcraft
 98626 | Zig:5    | Entered Level 5 of a ziggurat
 98703 | Zig:6    | Entered Level 6 of a ziggurat
 98742 | Zig:7    | Entered Level 7 of a ziggurat
 98771 | Zig:7    | Got a smoking golden ring
 98774 | Zig:7    | Identified the ring of Nest {Wiz +Fly rPois Str-4 Int+4} (You found it on level 7 of a ziggurat)
 98779 | Zig:7    | Got a clouded wooden ring
 98780 | Zig:7    | Identified the ring of Gack {Ice Str+2} (You found it on level 7 of a ziggurat)
 98798 | Zig:7    | Reached XP level 27. HP: 233/233 MP: 47/47
 98801 | Zig:8    | Entered Level 8 of a ziggurat
 98818 | Zig:8    | Reached skill level 1 in Polearms
 99040 | Zig:9    | Entered Level 9 of a ziggurat
 99283 | Zig:9    | Got a jewelled helmet
 99285 | Zig:9    | Identified the cursed +0 helmet of Sunlight {-Tele rPois rN+ SInv} (You found it on level 9 of a ziggurat)
 99307 | Zig:10   | Entered Level 10 of a ziggurat
 99629 | Zig:11   | Entered Level 11 of a ziggurat
 99934 | Zig:11   | Identified Qetal's Handbook of Ignition
 99994 | Zig:12   | Entered Level 12 of a ziggurat
100007 | Zig:12   | Reached skill level 1 in Translocations
100008 | Zig:12   | Reached skill level 5 in Polearms
100109 | Zig:13   | Entered Level 13 of a ziggurat
100228 | Zig:13   | Identified the Tome of Gliding Attacks
100342 | Zig:14   | Entered Level 14 of a ziggurat
100369 | Zig:14   | Reached skill level 5 in Translocations
100562 | Zig:14   | Identified Sif Muna's Catalogue of Flamy Arcane Weapons
100576 | Zig:14   | Got a scintillating lead ring
100577 | Zig:14   | Identified the ring "Plog" {+Inv rElec MP+9 Int+4 Slay-4} (You found it on level 14 of a ziggurat)
100585 | Zig:14   | Identified the Grimoire of Boosting Lightness
100613 | Zig:15   | Entered Level 15 of a ziggurat
100853 | Zig:15   | Got a warped turquoise ring
100864 | Zig:15   | Gained mutation: Your flesh is cold resistant. [potion of beneficial mutation]
100882 | Zig:15   | Identified the ring of Muoruwk {Str+4 SInv Stlth+} (You found it on level 15 of a ziggurat)
100886 | Zig:16   | Entered Level 16 of a ziggurat
101056 | Zig:16   | Identified the Handbook of Cold
101136 | Zig:17   | Entered Level 17 of a ziggurat
101156 | Zig:17   | Reached skill level 15 in Spellcasting
101220 | Zig:17   | Got a coiled bronze ring
101221 | Zig:17   | Identified the ring "Geiffal" {MP+9 Dex+3 SInv} (You found it on level 17 of a ziggurat)
101266 | Zig:18   | Entered Level 18 of a ziggurat
101315 | Zig:18   | Reached skill level 5 in Shields
101342 | Zig:18   | Got a smoking lapis lazuli ring
101345 | Zig:18   | Identified Sif Muna's Volume of the Hurtful Compass
101498 | Zig:18   | Reached skill level 10 in Armour
101654 | Zig:18   | Learned a level 6 spell: Haste
101655 | Zig:19   | Entered Level 19 of a ziggurat
101783 | Zig:19   | Identified a +8 rod of ignition (12/12) (You found it on level 19 of a ziggurat)
101787 | Zig:19   | Identified a +1 rod of ignition (11/11) (You found it on level 19 of a ziggurat)
101792 | Zig:19   | Identified Fittu's Handbook of Feathery Conjuration
101796 | Zig:19   | Gained mutation: You have a pair of small antennae on your head. [potion of beneficial mutation]
101817 | Zig:19   | Identified the Almanac of Blows and Bruises
101830 | Zig:19   | Got a scorched ring mail
101831 | Zig:19   | Identified the ring of Wotoedant {rC++ rN+++ Int-4 Stlth+} (You found it on level 18 of a ziggurat)
101832 | Zig:19   | Identified the +1 ring mail of Ideuvu Utad {rF+ Stlth+} (You found it on level 19 of a ziggurat)
101846 | Zig:20   | Entered Level 20 of a ziggurat
102401 | Zig:21   | Entered Level 21 of a ziggurat
102458 | Zig:21   | HP: 4/238 [daeva/divine providence (8)]
102467 | Zig:21   | HP: 9/238 [angel/whip of holy wrath (6)]
102476 | Zig:22   | Entered Level 22 of a ziggurat
102548 | Zig:22   | HP: 11/238 [wolf spider (13)]
102572 | Zig:23   | Entered Level 23 of a ziggurat
102647 | Zig:23   | Annihilated by a juggernaut

Vault maps used:
D:1:      minmay_arrival_nine_rooms
D:2:      ecumenical_altar_1, first_bread, kennysheep_flooded_box
D:3:      lemuel_doored_altar, uniq_robin, uniq_iyjb, uniq_sigmund
D:4:      cheibriados_altar_1
D:5:      wad_river_or_something, grunt_ministairs_11, uniq_blork_the_orc
D:6:      temple_green, kb_rosetta, uniq_menkaure
D:7:      minmay_flawed_box
D:9:      nicolae_overflow_hidden_temple, minmay_overflow_temple_hex
D:10:     hangedman_cross_cluster, lair_0_dummy, uniq_harold
D:11:     minmay_orc_entry_temple_small, uniq_grum, uniq_erolcha
D:13:     hangedman_ranch, evilmike_ruin_ashenzari
D:14:     kennysheep_kobold_lugonu_temple, david_vaults_5, elyvilon_altar_4
D:15:     gammafunk_depths_entry_grave, nrook_mini_backslash, enter_trove_6,
          serial_bayou_pond_c, st_stairs_3, hangedman_abyss_or_decor_stagger
Lair:2:   lemuel_slime, portal_ice_cave_entry_ice_beasts, grunt_megastairs_2
Lair:3:   minmay_swamp_entry_worms, st_stairs_10
Lair:4:   beast_lair_carwin_11, grunt_megastairs_4, lemuel_fruit_tree
Lair:5:   lemuel_fruit_fields, serial_bayou_shore_a, infiniplex_staircase_pool,
          grunt_megastairs_3
Lair:6:   spider_nest_entry_webs
Lair:7:   serial_bayou_shore_b, serial_bayou_shore_b, bh_autumn_forest_stairs
Lair:8:   guppyfry_lair_end_dragon, hangedman_lair_tendril_chambers,
          slime_altar_2
Swamp:1:  evilmike_swamp_ruin_house_1
Swamp:2:  evilmike_swamp_ruin_rubble_2, swamp_pool3, uniq_donald, uniq_aizul,
          uniq_louise
Swamp:3:  evilmike_swamp_ruin_house_2
Swamp:4:  swamp
Spider:1: spider_trap, hangedman_spider_tarantella_strand
Spider:2: nicolae_spider_mines_1, special_room
Spider:4: grunt_spider_rune_circles, nicolae_crawler_farm, uniq_roxanne
Slime:3:  dissolution_awaits
Orc:1:    basic_altar, serial_shops, shop, uniq_gastronok, uniq_maurice
Orc:2:    basic_altar, serial_shops, nicolae_shop_behind_doors
Orc:3:    serial_shops, nicolae_shop_statue_plus, nicolae_orc_pool_cavern
Orc:4:    grunt_orc_gardens, grunt_orc_garden, grunt_orc_garden,
          grunt_orc_garden, grunt_orc_garden, lightli_volcano_entry_magma_tube,
          serial_shops, nicolae_shop_statue_plus, shop
Elf:1:    serial_shops, nicolae_shop_behind_doors, orc_legates, minivault_14,
          uniq_kirke, uniq_asterion, uniq_nikola
Elf:2:    serial_shops, shop, uniq_agnes
Elf:3:    minmay_elf_hall_dome, basic_stair_grate_trap
Vaults:1: v_pattern_5, grunt_vaults_hallway_short,
          hangedman_vaults_stretched_pinwheel, hangedman_vaults_variations,
          hangedman_vaults_hard_town_square, grunt_vaults_twisty,
          grunt_vaults_swirl, vaults_room_boxed, vaults_dpeg_encased_lava,
          vaults_room_corners, serial_ice_h, uniq_jorgrun
Vaults:2: v_misc_32, v_misc_1, nicolae_vaults_circle_grid_a,
          nicolae_vaults_meeting, ontoclasm_vaults_twist,
          nicolae_vaults_asterisk, vaults_mumra_chevron_long, v_misc_10,
          vaults_dpeg_doors, vaults_room_semicircle, v_misc_11,
          vaults_mumra_minichess, vaults_mumra_hex,
          infiniplex_enter_wizlab_glasses, uniq_wiglaf, uniq_sojobo,
          uniq_margery
Vaults:3: v_rooms_3, ontoclasm_vaults_chip, minmay_crypt_entry_vampire_xt,
          hangedman_vaults_slice, v_rooms_5, nicolae_vaults_little_squares_1,
          grunt_vaults_trifunnel, nicolae_vaults_little_squares_6,
          vaults_room_semicircle, ontoclasm_vaults_fault, uniq_saint_roka,
          uniq_boris
Vaults:4: v_alt_pattern_3, v_misc_27, vaults_mumra_hexcomb, v_misc_16,
          vaults_room_stairs_pillars, st_lattice, ontoclasm_vaults_chip,
          vaults_room_pools, dpeg_vaults_monster_box, ontoclasm_vaults_chip,
          v_misc_13, serial_shops, nicolae_shop_waterfront
Crypt:2:  serial_glass, glass_columns_a, glass_columns_b, glass_columns_c,
          glass_columns_a, glass_columns_b, glass_columns_a
Crypt:3:  cryptofortress_bobbens
Depths:1: roderic_lattice_octagonal_star, abyss_entry,
          grunt_hell_entry_demonic_statue, kennysheep_generic_room_3
Depths:2: kennysheep_large_vault, grunt_pan_entry_spiral,
          grunt_hell_entry_dis_grunt, abyss_entry_flame_altar,
          serial_bayou_shore_b
Depths:3: cell_vault, enter_ziggurat_b, pan_entry,
          hangedman_abyss_or_decor_jellyfish_corner, pf_hell_entry_great_geh,
          infiniplex_staircase_door_maze, basic_stair_grate_trap
Depths:4: minmay_nine_rooms, abyss_entry_crystal, serial_glass, glass_columns_b,
          glass_columns_a, glass_columns_b, glass_columns_a, glass_columns_a,
          glass_columns_c, hell_entry, tso_metal_star, firewood_loft, uniq_jory
Depths:5: lemuel_castle_with_subvaults, serial_shops, nicolae_shop_waterfront,
          pf_hell_entry_tar_spiral, serial_sigils_hangedman_writhe, uniq_mennas
Zig:2:    ziggurat_pillar_centre_c
Zig:9:    ziggurat_pillar_centre_dead_trees
Zig:13:   ziggurat_loot_3
Zig:15:   ziggurat_pillar_centre_smoke
Zig:22:   ziggurat_pillar_centre_more_plants
Zig:23:   ziggurat_pillar_centre_oklobs
IceCv:    ice_cave_statue_garden_01
Volcano:  volcano_lake
WizLab:   wizlab_golubria

Action                   |  1- 3 |  4- 6 |  7- 9 | 10-12 | 13-15 | 16-18 | 19-21 | 22-24 | 25-27 || total
-------------------------+-------+-------+-------+-------+-------+-------+-------+-------+-------++-------
Melee: Short sword       |       |    17 |       |       |       |       |       |       |       ||    17
       Falchion          |       |    49 |    86 |    27 |    49 |       |       |       |       ||   211
       Whip              |       |       |       |    96 |    52 |    23 |       |       |       ||   171
       Demon trident     |       |       |       |       |       |   574 |   428 |    29 |    26 ||  1057
       Staff             |       |       |       |       |       |       |    43 |   110 |    56 ||   209
       Lajatang          |       |       |       |       |       |       |       |       |    69 ||    69
Throw: Stone             |       |     3 |    25 |     9 |     1 |       |       |       |       ||    38
       Throwing net      |       |       |       |       |     2 |     1 |     2 |       |     1 ||     6
 Cast: Magic Dart        |    92 |    49 |   186 |   363 |   553 |   226 |       |       |       ||  1469
       Dazzling Spray    |       |    28 |    54 |    99 |   605 |   519 |   108 |       |       ||  1413
       Iskenderun's Batt |       |       |    29 |   102 |   234 |   122 |       |       |       ||   487
       Bolt of Draining  |       |       |       |    72 |   143 |   328 |   280 |   594 |   265 ||  1682
       Sublimation of Bl |       |       |       |     3 |   214 |   194 |   207 |   152 |    63 ||   833
       Repel Missiles    |       |       |       |       |     2 |     7 |       |       |       ||     9
       Dispel Undead     |       |       |       |       |    14 |    59 |   291 |    56 |    27 ||   447
       Regeneration      |       |       |       |       |    40 |    78 |    71 |    51 |    39 ||   279
       Call Imp          |       |       |       |       |     1 |       |       |       |       ||     1
       Haunt             |       |       |       |       |       |    35 |    83 |     6 |       ||   124
       Blink             |       |       |       |       |       |     4 |     9 |     7 |     7 ||    27
       Animate Skeleton  |       |       |       |       |       |     1 |     1 |       |       ||     2
       Apportation       |       |       |       |       |       |     5 |       |     1 |     3 ||     9
       Iron Shot         |       |       |       |       |       |     1 |   167 |   156 |    59 ||   383
       Deflect Missiles  |       |       |       |       |       |       |     9 |     4 |     2 ||    15
       Summon Butterflie |       |       |       |       |       |       |       |     2 |       ||     2
       Tornado           |       |       |       |       |       |       |       |     7 |    52 ||    59
       Necromutation     |       |       |       |       |       |       |       |       |    10 ||    10
       Phase Shift       |       |       |       |       |       |       |       |       |     6 ||     6
       Haste             |       |       |       |       |       |       |       |       |     4 ||     4
 Abil: Evoke Invisibilit |       |       |       |       |       |       |       |       |     1 ||     1
       Turn Visible      |       |       |       |       |       |       |       |       |     1 ||     1
Evoke: Wand              |       |       |     1 |     3 |     8 |     5 |       |       |     2 ||    19
       Crystal ball of e |       |       |       |       |       |       |       |     1 |    10 ||    11
       Staff of energy   |       |       |       |       |       |       |       |       |    49 ||    49
  Use: Scroll            |       |     7 |     9 |    14 |    23 |    26 |    13 |     7 |    39 ||   138
       Potion            |       |     2 |     1 |     7 |     5 |    13 |     8 |     3 |    30 ||    69
 Stab: Invisible         |       |     2 |     7 |     1 |     7 |    10 |     5 |       |       ||    32
       Sleeping          |       |       |     2 |       |     1 |    11 |       |       |       ||    14
       Distracted        |       |       |       |       |       |     3 |     4 |       |       ||     7
       Held in net/web   |       |       |       |       |       |     1 |     1 |       |       ||     2
  Eat: Chunk             |     5 |     4 |    23 |    45 |    64 |    42 |    80 |    36 |     8 ||   307
       Beef jerky        |       |     1 |     1 |     2 |       |       |       |     2 |       ||     6
       Royal jelly       |       |     1 |       |     2 |       |     7 |     3 |     2 |     8 ||    23
       Fruit             |       |       |     1 |     2 |     2 |       |       |       |     1 ||     6
       Pizza             |       |       |     1 |     1 |     1 |     1 |     5 |     4 |     2 ||    15
       Meat ration       |       |       |     2 |     3 |     4 |     8 |     4 |     4 |     4 ||    29
       Bread ration      |       |       |       |     1 |     6 |     2 |     1 |       |     1 ||    11
